 Dungeon Crawl Stone Soup version 0.29-a0-555-g3b24f45cc1 (webtiles) character file.

Game seed: 10619427929092347517

220 Crownlay the Chopper (level 5, 0/45 HPs)
             Began as a Hill Orc Fighter on June 7, 2022.
             Slain by an orc wizard
             ... wielding a +0 dagger
              (1 damage)
             ... on level 4 of the Dungeon.
             The game lasted 00:05:20 (3067 turns).

Crownlay the Chopper (Hill Orc Fighter)             Turns: 3067, Time: 00:05:21

Health: 0/45       AC:  8    Str: 21    XL:     5   Next: 97%
Magic:  5/5        EV:  9    Int:  8    God:
Gold:   136        SH:  4    Dex: 10    Spells: 4/4 levels left

rFire   . . .      SeeInvis .   a - +0 war axe
rCold   . . .      Faith    .   c - +0 buckler
rNeg    . . .      Spirit   .   b - +0 scale mail
rPois   .          Reflect  .   (no helmet)
rElec   .          Harm     .   (no cloak)
rCorr   .          Rampage  .   q - +0 pair of gloves
Will    .....                   (no boots)
Stlth   ..........              (no amulet)
HPRegen 0.15/turn               (no ring)
MPRegen 0.09/turn               (no ring)

@: mighty
A: no striking features
a: no special abilities


You were on level 4 of the Dungeon.
You visited 1 branch of the dungeon, and saw 4 of its levels.

You collected 136 gold pieces.

Inventory:

Hand Weapons
 a - a +0 war axe (weapon)
Missiles
 f - 5 silver boomerangs
 k - 2 boomerangs (quivered)
Armour
 b - a +0 scale mail (worn)
 c - a +0 buckler (worn)
 q - a +0 pair of gloves (worn)
Jewellery
 s - a ring of protection from fire
Scrolls
 h - 2 scrolls of teleportation
 j - a scroll of blinking
 l - a scroll of immolation
 p - a scroll of poison {unknown}
 r - a scroll of enchant weapon {unknown}
Potions
 d - a potion of might
 e - 2 potions of heal wounds {unknown}
 g - a potion of flight {unknown}
 i - 2 potions of degeneration {unknown}
 m - 2 potions of lignification {unknown}
 n - a potion of ambrosia {unknown}
 o - a potion of attraction {unknown}


   Skills:
 - Level 3.6 Fighting
 * Level 7.9 Axes
 - Level 3.2 Armour
 - Level 3.2 Shields


You had 4 spell levels left.
You didn't know any spells.
Your spell library contained the following spells:

 Spells                   Type           Power      Damage    Failure   Level
 Ensorcelled Hibernation  Hex/Ice        0%         N/A       93%         2
 Spider Form              Tmut/Pois      0%         N/A       99%         3
 Summon Guardian Golem    Hex/Summ       0%         N/A       99%         3
 Anguish                  Hex/Necr       0%         N/A       100%        4
 Orb of Destruction       Conj           0%         9d5       100%        7
 Spellforged Servitor     Conj/Summ      0%         N/A       100%        7


Dungeon Overview and Level Annotations

Branches:
Dungeon (4/15)
 Temple: D:4-7

Altars:
Gozag


Message History

The orc closely misses you.
You slash the orc!
You kill the orc!
You barely miss something. Something hits you but does no damage.
The orc hits you from afar with a +0 trident.
* * * LOW HITPOINT WARNING * * *
The orc hits you but does no damage.
You see here a +0 short sword.
You closely miss the orc. You completely miss something.
You block something's attack. The orc hits you with a +0 trident.
* * * LOW HITPOINT WARNING * * *
You slash the orc!
You kill the orc!
You closely miss something. Something hits you but does no damage.
You block something's attack.
Items here: ( )) [ †.
You barely miss something. Something hits you but does no damage.
You hear some strange, mumbled words.
You are confused.
You bump into the rock wall.
Something hits you but does no damage. Something hits you but does no damage.
You see here a +0 short sword.
Something hits you but does no damage.
Found a grey potion.
You hear some strange, mumbled words.
A puff of flame appears from out of thin air!
The puff of flame misses you.
You see here a +0 trident.
You bump into the rock wall.
You hear some strange, mumbled words.
Something tries to affect you, but you resist.
You hear some strange, mumbled words.
Something tries to affect you, but you resist.
You feel less confused.
You hear some strange, mumbled words.
A puff of flame appears from out of thin air!
The puff of flame hits you!
* * * LOW HITPOINT WARNING * * *
You see here a +0 trident.
You barely miss something. Something hits you.
You die...

### #.#.. ##### #.. .....
.!... #.###.....
#.....#.#........ ......
......#.#........ ....#.#
....#.#.#..#.#... .......
...........[..... ..#.#.#
.......@.........
#.#.#.########.#{##.......
#.#..........#.#.)).......
#.#.......##.#.##.#######.
#.#.......##.#.#..#...$.#.
#.#.......##.#.#..#.$...#.
#....†............+.$_$.#.
#......#...#...#..#$.$..#.
##.<.......#...#..#.$...#.


There were no monsters in sight!

Vanquished Creatures
  Jessica (D:2)
  Terence (D:2)
  An iguana (D:4)
  5 adders
  A worm (D:2)
  4 dart slugs
  15 orcs
  7 endoplasms
  2 giant cockroaches
  4 hobgoblins (D:1)
  2 jackals (D:1)
  2 quokkas
  4 ball pythons
  4 bats
  6 frilled lizards
  6 goblins
  7 kobolds
  4 rats (D:1)
76 creatures vanquished.

Notes
Turn   | Place    | Note
-------+----------+-------------------------------------------
     0 | D:1      | Crownlay the Hill Orc Fighter began the quest for the Orb.
     0 | D:1      | Reached XP level 1. HP: 19/19 MP: 1/1
    52 | D:1      | Reached skill level 3 in Axes
    78 | D:1      | Reached XP level 2. HP: 26/26 MP: 2/2
   142 | D:1      | Found a faded altar of an unknown god.
   158 | D:1      | Reached skill level 4 in Axes
   516 | D:1      | Reached XP level 3. HP: 31/31 MP: 3/3
   753 | D:1      | Reached skill level 5 in Axes
  1217 | D:2      | You fall into a shaft and drop 1 floor!
  1237 | D:3      | Reached XP level 4. HP: 36/39 MP: 4/4
  1462 | D:3      | Reached skill level 6 in Axes
  1855 | D:2      | Noticed Terence
  1865 | D:2      | Killed Terence
  2052 | D:2      | Noticed Jessica
  2055 | D:2      | Killed Jessica
  2056 | D:2      | Reached XP level 5. HP: 45/45 MP: 5/5
  2241 | D:2      | Reached skill level 7 in Axes
  3036 | D:4      | Found an opulent altar of Gozag.
  3066 | D:4      | HP: 1/45 [something/puff of flame (7)]
  3067 | D:4      | Slain by an orc wizard

Illustrated notes

Levels and vault maps discovered:
D:1:      scummos_arrival_forest, layout_rooms, serial_co_window_serial,
          co_window_of_opportunity_a, co_window_cross_1, co_window_paths_b,
          co_window_corner_a, co_window_corner_a, co_window_corner_ca,
          co_window_broadway_b, co_window_2corner, co_window_of_opportunity_c,
          co_window_cross_3, co_window_of_opportunity_c,
          co_window_of_opportunity_b, co_window_paths_e, glass_columns_b,
          glass_columns_c, glass_columns_c, glass_columns_a, glass_columns_b,
          shapermc_ecumenical_altar_notcrosses, minmay_cut_off
D:2:      layout_loops_ring, amcnicky_mini_pool_small, lemuel_old_faithful,
          uniq_jessica, uniq_terence
D:3:      kb_forest_paths, layout_basic, hangedman_decor_push
D:4:      layout_basic, amcnicky_altar_gilded,
          chequers_temple_overflow_minitemple, uniq_crazy_yiuf_cottage,
          uniq_natasha

Skill      XL: |  1  2  3  4  5 |
---------------+----------------+-----
Axes           | 3 4 5 6 7 |  7.9
Fighting       | |  3.6
Armour         | |  3.2
Shields        | |  3.2

Action                   |  1- 3 |  4- 6 || total
-------------------------+-------+-------++-------
Melee: War axe           |    93 |   100 ||   193
  Use: Potion            |       |     2 ||     2
       Scroll            |       |     3 ||     3
Armor: Scale mail        |    54 |    36 ||    90
Dodge: Dodged            |    41 |    43 ||    84
Block: Buckler           |    27 |    19 ||    46

Table legend: (Time is in decaauts)
 A = Elapsed time spent in this place.
 B = Non-inter-level travel time spent in this place.
 C = Inter-level travel time spent in this place.
 D = Time resting spent in this place.
 E = Time spent auto-exploring this place.
 F = Levels seen in this place.
 G = Mean time per level.
                   A        B        C        D        E       F      G
               +--------+--------+--------+--------+--------+-----+--------+
         Total |   3120 |   2966 |    154 |      0 |   2427 |   4 |  780.0 |
       Dungeon |   3120 |   2966 |    154 |      0 |   2427 |   4 |  780.0 |
               +--------+--------+--------+--------+--------+-----+--------+

Top non-repeatable levels by time:
     D:1: 1150 daAuts
     D:2: 962 daAuts
     D:3: 884 daAuts
     D:4: 123 daAuts
